Map: Magannatha LE

Players

KitCat - Winner!

  • Race: Terran Terran
  • League: Diamond
  • Spawn Location: 5:00

ManlyManMeat

  • Race: Zerg Zerg
  • League: Platinum
  • Spawn Location: 11:00

VOD

Have the link to the VOD?

Description

Time

  • Played on: June 21, 2025, 6:53 a.m.
  • Length: 16:49
Show
View Real Time Build Order
Export as new Build Order

KitCat Terran - Winner!

Build Orders:  

Get SALT Encoding   

  12  0:00  SCV  
  13  0:12  SCV  
  14  0:17  Supply Depot  
  14  0:25  SCV  
  15  0:39  SCV  
  15  0:41  Barracks  
  16  0:51  SCV  
  17  0:59  Refinery  
  17  1:03  SCV  
  18  1:15  SCV  
  19  1:24  Command Center  
  19  1:28  SCV  
  20  1:36  Barracks Tech Lab  
  20  1:41  Orbital Command  
  20  2:01  Barracks  
  20  2:02  Marine  
  20  2:06  Supply Depot  
  21  2:10  SCV  
  22  2:20  Marine  
  22  2:22  Stimpack  
  23  2:28  SCV  
  23  2:40  SCV  
  23  2:41  Refinery  
  23  2:44  Orbital Command  
  24  2:46  Marine  
  24  2:49  Barracks Reactor  
  25  2:53  SCV  
  26  3:05  SCV  
  27  3:06  Barracks  
  27  3:08  Marine  
  27  3:12  SCV  
  29  3:17  SCV  
  30  3:24  Factory, SCV  
  30  3:26  Marine x2  
  33  3:27  Marine  
  33  3:32  SCV  
  35  3:36  SCV  
  35  3:38  Engineering Bay  
  36  3:44  SCV  
  36  3:48  SCV  
  38  3:50  Marine  
  38  3:51  Marine x2  
  38  3:55  Barracks Reactor  
  41  3:56  SCV  
  41  4:00  SCV  
  43  4:04  Supply Depot  
  43  4:05  Terran Infantry Weapons Level 1  
  43  4:06  Supply Depot  
  43  4:08  Factory Reactor, SCV  
  46  4:17  Marauder  
  46  4:20  Concussive Shells  
  46  4:25  Refinery, Marine x2  
  46  4:29  SCV  
  46  4:31  SCV  
  50  4:36  Marine  
  50  4:37  Marine  
  52  4:42  Starport  
  52  4:43  Marine  
  52  4:44  Supply Depot  
  52  4:45  Marine  
  53  4:47  Marauder, Supply Depot  
  53  4:51  SCV x2  
  58  4:54  Widow Mine x2  
  62  5:05  Marine, SCV x2  
  65  5:15  Armory  
  65  5:20  Supply Depot  
  65  5:21  Supply Depot x2  
  65  5:23  Marauder, Marine x4  
  71  5:34  Factory Reactor  
  71  5:35  Factory  
  71  5:36  Supply Depot  
  71  5:37  SCV x2  
  73  5:54  SCV x2  
  75  6:06  SCV x2  
  54  6:26  Marauder, Marine x4  
  54  6:28  Factory Tech Lab, Medivac x2  
  54  6:29  Widow Mine x2  
  54  6:31  Command Center  
  66  6:40  Refinery  
  66  6:43  Marine  
  66  6:45  Marine x2  
  66  6:46  Marine  
  70  6:47  Marauder  
  70  6:51  Widow Mine  
  74  6:56  Bunker  
  74  7:00  Supply Depot  
  74  7:01  Marine  
  74  7:03  Supply Depot, Marine x3  
  74  7:08  SCV x2  
  79  7:09  Marauder  
  82  7:17  Medivac x2  
  82  7:18  Drilling Claws  
  82  7:20  SCV x2, Widow Mine  
  69  7:30  Marauder  
  69  7:46  Orbital Command  
  69  7:51  Marauder  
  69  7:57  SCV x2  
  73  8:01  Marine x2  
  73  8:03  Marine  
  73  8:04  Marine  
  77  8:09  SCV  
  77  8:10  SCV  
  77  8:11  Widow Mine x2  
  77  8:12  Widow Mine  
  85  8:15  Marauder  
  85  8:18  SCV  
  73  8:38  Orbital Command  
  66  8:42  Marauder, Marine x4  
  72  8:55  Terran Infantry Weapons Level 2  
  72  9:00  Marine x4  
  72  9:02  Barracks, Widow Mine x3  
  82  9:04  Marauder, Medivac  
  82  9:08  SCV x2  
  82  9:09  SCV  
  89  9:17  Marine  
  89  9:18  Marine  
  91  9:25  Marauder  
  89  9:36  Marine x4  
  82  9:46  Marauder  
  80  9:53  Barracks Reactor  
  80  9:54  Hellion x3, Marine x4  
  80  9:55  Infernal Pre-Igniter  
  80  9:56  Medivac x2  
  80  9:59  Orbital Command  
  94  10:01  SCV x2  
  96  10:08  Marauder  
  96  10:13  SCV x2  
  97  10:20  Hellion x3  
  100  10:21  Marine x3  
  100  10:24  Terran Vehicle Weapons Level 1  
  100  10:25  SCV  
  104  10:28  SCV  
  104  10:29  Marauder, SCV  
  108  10:37  SCV  
  99  10:51  Marauder, Marine x5  
  99  10:52  Marine  
  99  10:55  Bunker  
  103  10:58  Bunker  
  100  11:09  Marine x5  
  100  11:10  Hellbat x3  
  100  11:11  Medivac x2  
  115  11:12  Marauder  
  115  11:15  SCV x3  
  120  11:19  Marine  
  120  11:24  Terran Infantry Weapons Level 3  
  121  11:26  Marine  
  121  11:27  Marine, SCV  
  121  11:31  Hellbat  
  121  11:32  Hellbat  
  128  11:33  Marine x3  
  128  11:34  Marauder  
  128  11:37  Marine  
  134  11:44  Marine x2  
  121  11:55  Marauder  
  121  11:59  Marine x4  
  121  12:00  Thor  
  132  12:01  Hellbat  
  132  12:02  Marine, Hellbat  
  132  12:06  SCV x2  
  132  12:07  SCV  
  138  12:11  Refinery  
  138  12:17  Marauder  
  140  12:37  Hellbat  
  140  12:38  Hellbat  
  140  12:42  Reaper x2  
  140  12:43  Marauder  
  140  12:44  Marine  
  141  12:51  Marine, SCV  
  141  12:53  Marine, SCV  
  141  12:56  Marine  
  141  12:57  Hellbat, SCV  
  141  13:03  Marine, Hellbat, SCV  
  141  13:05  Marauder, Hellbat, SCV  
  139  13:09  SCV  
  139  13:11  Supply Depot, Marine  
  141  13:13  Refinery  
  141  13:15  Command Center, Supply Depot, SCV  
  141  13:16  Supply Depot  
  141  13:17  SCV  
  141  13:18  Refinery  
  143  13:21  SCV  
  143  13:25  Starport  
  143  13:26  Marauder  
  146  13:28  Refinery  
  146  13:34  Hellbat x3  
  143  13:55  Thor, Hellbat  
  151  14:01  Marauder, Marine x6  
  159  14:04  Hellion  
  161  14:16  Hellbat  
  163  14:18  Marine  
  164  14:24  Terran Vehicle Weapons Level 2  
  164  14:26  Widow Mine  
  150  14:38  Starport Tech Lab, Hellbat  
  152  14:44  Armory  
  152  14:45  Fusion Core  
  152  14:46  Terran Infantry Armor Level 1  
  152  14:49  Marauder, Marine x6, Engineering Bay  
  160  14:55  Orbital Command  
  160  14:57  SCV  
  160  14:59  SCV  
  146  15:07  Marine x3  
  142  15:22  Hellion x9, Hellbat  
  142  15:23  Hellbat  
  142  15:27  Marauder, Marine x6  
  144  15:45  Marine x2  
  146  16:14  Hellbat x2  
  146  16:16  Marine x3  
  146  16:17  Marine x4  
  150  16:49  Command Center  
Show
View Real Time Build Order
Export as new Build Order

ManlyManMeat Zerg 

Build Orders: Hatch First 

Get SALT Encoding   

  12  0:00  Drone  
  13  0:10  Drone  
  14  0:15  Extractor  
  14  0:16  Drone  
  15  0:22  Overlord  
  15  0:42  Drone  
  16  0:51  Hatchery  
  15  0:59  Drone x3  
  18  1:15  Spawning Pool  
  18  1:16  Extractor  
  16  1:37  Drone x3  
  19  2:04  Queen  
  19  2:05  Queen  
  19  2:08  Zergling x4  
  25  2:10  Drone x2  
  25  2:14  Overlord  
  27  2:26  Metabolic Boost  
  27  2:35  Drone x3  
  30  2:40  Drone  
  31  2:46  Drone x2  
  33  2:53  Overlord  
  33  2:58  Drone  
  33  3:01  Hatchery  
  33  3:08  Queen  
  35  3:15  Drone x3  
  35  3:17  Drone  
  35  3:19  Drone  
  40  3:21  Drone  
  41  3:37  Drone  
  41  3:40  Baneling Nest  
  41  3:41  Drone x3  
  43  3:43  Extractor  
  43  3:44  Drone  
  43  3:46  Overlord  
  44  3:58  Drone x2, Evolution Chamber x2  
  44  4:00  Overlord x2  
  44  4:06  Queen  
  44  4:07  Drone x2  
  48  4:11  Drone x2  
  50  4:17  Spore Crawler  
  50  4:19  Spore Crawler  
  50  4:20  Drone x2  
  50  4:25  Queen  
  52  4:36  Zerg Ground Armor Level 1  
  52  4:38  Lair  
  52  4:42  Drone x3  
  52  4:43  Zergling x2  
  56  4:57  Drone x2  
  56  4:58  Drone x5  
  56  4:59  Drone, Overlord  
  64  5:08  Zergling x4  
  64  5:09  Overlord x2  
  66  5:27  Zergling x2  
  66  5:28  Zergling x28  
  81  5:49  Baneling x4  
  80  5:50  Zergling x4, Baneling x7  
  80  5:51  Overlord x3  
  80  5:56  Centrifugal Hooks  
  60  6:21  Zergling x20  
  66  6:31  Drone x3  
  66  6:32  Zerg Melee Weapons Level 1  
  69  6:33  Hatchery  
  69  6:34  Hatchery  
  69  6:39  Drone x2  
  69  6:40  Drone x3  
  72  6:53  Zergling x14  
  78  7:00  Zergling x2  
  78  7:01  Zergling x10  
  84  7:21  Hatchery  
  80  7:28  Zergling x16  
  76  7:39  Zergling x2  
  76  7:40  Zergling x20  
  76  7:42  Queen  
  76  7:43  Queen  
  89  7:46  Baneling  
  89  7:47  Baneling x13  
  89  7:50  Drone x3  
  92  8:04  Zergling x12  
  98  8:10  Zergling x4  
  98  8:11  Zergling x12  
  83  8:34  Zergling x6  
  83  8:35  Zergling x26  
  83  8:37  Zergling x2  
  93  8:44  Drone  
  94  8:49  Zerg Melee Weapons Level 2, Zerg Ground Armor Level 2  
  94  9:04  Zergling x32  
  108  9:18  Hatchery  
  83  9:48  Zergling x46  
  83  9:49  Zergling x8  
  103  9:52  Baneling  
  103  9:53  Baneling x8  
  103  9:59  Drone  
  92  10:17  Zergling x28  
  104  10:21  Drone  
  105  10:29  Baneling  
  105  10:30  Baneling x6  
  105  10:34  Baneling x2  
  105  10:35  Baneling x2  
  85  10:51  Zergling x2  
  85  10:52  Zergling x26  
  95  10:59  Drone x4  
  95  11:00  Drone x2  
  95  11:03  Drone x3, Extractor  
  93  11:04  Extractor  
  93  11:05  Drone x3  
  93  11:06  Drone x5  
  93  11:09  Zergling x2  
  93  11:10  Zergling x18  
  108  11:14  Drone x4  
  109  11:21  Baneling  
  109  11:22  Baneling x3  
  107  11:29  Overseer  
  107  11:30  Overseer  
  95  11:52  Zergling x28  
  95  11:53  Zergling x20  
  107  12:04  Drone  
  107  12:06  Zergling x18  
  117  12:21  Baneling x8  
  117  12:22  Zergling x14  
  124  12:23  Baneling x6  
  124  12:24  Baneling x2  
  105  12:46  Zergling x44  
  113  12:59  Zergling x4  
  113  13:00  Zergling x18  
  113  13:04  Infestation Pit  
  112  13:08  Zergling x2  
  109  13:14  Overlord x2  
  109  13:15  Overlord x2  
  78  13:41  Neural Parasite  
  78  13:43  Infestor x4  
  78  13:47  Hive  
  85  13:57  Drone x3  
  85  13:58  Drone x3  
  85  13:59  Zergling x8  
  85  14:00  Zergling x38  
  114  14:08  Baneling x9  
  85  14:33  Zergling x36  
  103  14:45  Drone x4  
  106  14:46  Drone x3  
  106  14:50  Zergling x2  
  106  14:51  Zergling x6  
  104  15:18  Ultralisk Cavern  
  96  15:35  Queen x2  
  86  16:03  Zergling x2  
  86  16:04  Zergling x32  
  76  16:05  Zergling x26  
  98  16:13  Hatchery  
  98  16:17  Drone x6  
Tags
 
Matchup
TvZ
Replay Pack
Myownreplay2
Spawn Locations
Cross Positions
Add a new tag
Caveats
  • Supply blocks, unpowered buildings, or Contaminate may cause inaccurate times.
  • Supply counts are checked every 10 seconds.